 Dungeon Crawl Stone Soup version 0.32-a0-975-g85d4e5bfdb (webtiles) character file.

Game seed: 6070342059839803332

8834 Revguard the Blocker (level 11, 0/67 HPs)
             Began as a Gargoyle Fighter on Apr 19, 2024.
             Was a Believer of the Shining One.
             Slain by a fire elemental (9 damage)
             ... summoned by a deep elf pyromancer
             ... on level 10 of the Dungeon.
             The game lasted 00:19:40 (7261 turns).

Revguard the Blocker (Gargoyle Fighter)             Turns: 7261, Time: 00:19:46

Health: 0/67       AC: 19    Str: 23    XL:     11   Next: 37%
Magic:  15/15      EV: 10    Int:  8    God:    the Shining One [**....]
Gold:   394        SH:  6    Dex: 11    Spells: 10/10 levels left

rFire   . . .        j - +16 consecrated labrys {holy, Valiant ^Fragile Fly SInv}
rCold   . . .        c - +0 buckler
rNeg    + + .        b - +0 scale mail
rPois   ∞            e - +0 helmet
rElec   +            o - +1 cloak {rPois}
rCorr   .            (no gloves)
SInv    +            (no boots)
Will    +....        v - amulet of regeneration Stlth
                     l - ring of willpower
HPRegen 1.11/turn    (no ring)
MPRegen 0.14/turn

%: no passive effects
@: flying, glowing, studying Shields
A: sickness immunity, AC +8, negative energy resistance 1, electricity
resistance, torment resistance 1, petrification resistance
a: Renounce Religion, Divine Shield


You were on level 10 of the Dungeon.
You worshipped the Shining One.
The Shining One was pleased with you.
You visited 2 branches of the dungeon, and saw 11 of its levels.

You collected 712 gold pieces.
You spent 286 gold pieces at shops.
You donated 32 gold pieces to Zin.

Inventory:

Hand Weapons
 j - the +16 consecrated labrys (weapon) {holy, Valiant ^Fragile Fly SInv}
   (You acquired it on level 4 of the Dungeon)

   Valiant:   It becomes more powerful as more dangerous foes come into view.
   SInv:      It lets you see invisible.
   Fly:       It grants you flight.
   ^Fragile:  It will be destroyed if unequipped.
Armour
 b - a +0 scale mail (worn)
 c - a +0 buckler (worn)
 e - a +0 helmet (worn)
 o - a +1 cloak of poison resistance (worn)
Jewellery
 l - a ring of willpower (left hand)
 v - an amulet of regeneration (around neck)
 J - an amulet of the acrobat
Wands
 p - a wand of flame (29)
 A - a wand of warping (5)
 E - a wand of mindburst (17)
Scrolls
 d - a scroll of enchant weapon
 h - 2 scrolls of vulnerability
 k - 4 scrolls of fear {unknown}
 m - 2 scrolls of revelation {unknown}
 n - 3 scrolls of teleportation {unknown}
 q - 2 scrolls of immolation {unknown}
 r - 3 scrolls of amnesia {unknown}
 s - 3 scrolls of enchant armour {unknown}
 t - a scroll of brand weapon {unknown}
 u - 2 scrolls of noise {unknown}
 w - a scroll of torment {unknown}
 y - a scroll of blinking {unknown}
 C - 4 scrolls of poison {unknown}
 I - a scroll of silence {unknown}
Potions
 a - a potion of berserk rage {unknown}
 f - a potion of enlightenment
 g - a potion of ambrosia
 i - 4 potions of lignification
 x - a potion of brilliance
 z - 3 potions of curing
 B - 2 potions of attraction {unknown}
 D - a potion of heal wounds
 F - a potion of mutation {unknown}
 H - 2 potions of might
 L - a potion of resistance
 M - a potion of haste
Miscellaneous
 K - a sack of spiders (inert)


   Skills:
 + Level 7.4 Fighting
 * Level 7.8 Axes
 + Level 7.0 Armour
 + Level 4.6 Dodging
 * Level 11.2 Shields
 + Level 6.1 Invocations
 + Level 5.0 Evocations


You had 10 spell levels left.
You didn't know any spells.
Your spell library contained the following spells:

 Spells                   Type           Power      Damage    Failure   Level
 Kiss of Death            Conj/Necr      0%         2d5       75%         1
 Confusing Touch          Hex            0%         N/A       98%         3
 Inner Flame              Hex/Fire       0%         N/A       98%         3
 Dispel Undead            Necr           0%         3d6       100%        4
 Flame Wave               Conj/Fire      0%         2d4       100%        4
 Sticky Flame             Fire/Alch      0%         2d4       100%        4
 Summon Lightning Spire   Summ/Air       0%         N/A       100%        4
 Arcjolt                  Conj/Air       0%         1d10      100%        5
 Maxwell's Capacitive Co  Air            0%         ∞         100%        8


Dungeon Overview and Level Annotations

Branches:
Dungeon (10/15)            Temple (1/1) D:5            Lair (0/5) D:8
    Orc (0/2) D:9

Altars:
Ashenzari
Cheibriados
Dithmenos
Elyvilon
Fedhas
Gozag
Hepliaklqana
Kikubaaqudgha
Makhleb
Nemelex Xobeh
Okawaru
Qazlal
Sif Muna
Trog
Uskayaw
Vehumet
Wu Jian
Xom
Yredelemnul
Zin
The Shining One

Shops:
D:1 [   D:2 (   D:4 =   D:7 !   D:9 (


Innate Abilities, Weirdness & Mutations

You are immune to sickness and miasma.
Your stone body is resilient. (AC +8)
You are immune to poison.
You resist negative energy. (rN+)
You are resistant to electric shocks. (rElec)
You are resistant to unholy torment.
You are immune to petrification.


Message History

The kobold brigand dies!
You block the howler monkey's attack.
You hear a howl!
You slice the howler monkey!!
You kill the howler monkey!
You hit the yak. You slash the howler monkey!
You kill the howler monkey!
The yak gores you.
Your scorpion stings the yak!
The yak looks as sick as possible!
Your scorpion poisons the yak!
Unknown command.
You slice the yak!!
The yak is almost dead.
The yak dies!
A deep elf pyromancer comes into view.
It is wielding a +0 long sword and carrying a wand of paralysis.
The deep elf pyromancer mumbles some strange words.
A howler monkey comes into view.
Your scorpion stings the fire elemental.
You hit the fire elemental.
The fire elemental is moderately damaged.
The fire elemental hits you. The fire elemental burns you!
Your scorpion stings the fire elemental.
The deep elf pyromancer casts a spell.
The fire elemental hits you. The fire elemental burns you!
Your scorpion barely misses the fire elemental.
The fire elemental hits you. The fire elemental burns you!
You slice the howler monkey!!
You kill the howler monkey!
You slash the fire elemental!
Your scorpion misses the fire elemental.
The fire elemental hits you. The fire elemental burns you!
* * * LOW HITPOINT WARNING * * *
Your scorpion barely misses the fire elemental.
You feel much better. The fire elemental hits you.
The fire elemental burns you!
The deep elf pyromancer casts a spell at you.
The bolt of fire hits you!!
* * * LOW HITPOINT WARNING * * *
Your scorpion misses the fire elemental.
The fire elemental hits you. The fire elemental burns you!
You die...

.#.... .. #.#.... .. ..
####...$... .. ..$
#!......... .... ...#.
#......##.##.... ....☼
##..†............
##.°###s.).............
#..○☼EE......>.......#.
##.°Ee@#..†..........#.
#....†##........# #.##
#.....#........####...
##.............#......
#(..............#...#
##.....##.......#..##
###...##.........##
#..###.......###
#....#......##


You could see a deep elf pyromancer (ally target), 3 fire elementals and a
friendly scorpion (summoned).

Vanquished Creatures
  A hydra (D:10)
  Amaemon (D:9)
  The ghost of YordlordTheGreat the Arsonist, a novice DEFE (D:8)
  An orange demon (D:9)
  Grinder (D:4)
  Prince Ribbit (D:6)
  A wraith (D:7)
  2 wyverns (D:7)
  9 yaks (D:8)
  2 steam dragons
  A warg (D:9)
  A vampire mosquito (D:10)
  2 water moccasins
  An orc warrior (D:9)
  3 black bears
  2 wolves (D:9)
  4 ice beasts
  2 phantoms
  4 centaurs
  5 ogres
  A kobold brigand (D:9)
  3 scorpions
  2 bullfrogs
  12 wights
  3 killer bees (D:10)
  8 howler monkeys
  3 bombardier beetles
  A hound (D:4)
  A jelly (D:7)
  An orc priest (D:6)
  A gnoll bouda (D:4)
  An iron imp (D:3)
  An iguana (D:6)
  Ijyb (D:5)
  Natasha (D:3)
  An orc wizard (D:7)
  4 gnolls (D:4)
  5 adders
  2 white imps
  6 ufetubi (D:6)
  4 dart slugs
  A ribbon worm (D:2)
  29 orcs
  4 ball pythons
  6 endoplasms
  4 giant cockroaches
  4 goblins
  3 hobgoblins
  2 jackals (D:2)
  9 kobolds
  5 quokkas
  A bat (D:1)
  2 frilled lizards
  A rat (D:3)
178 creatures vanquished.

Vanquished Creatures (collateral kills)
  2 yaks (D:10)
  A kobold brigand (D:10)
3 creatures vanquished.

Vanquished Creatures (others)
  2 foxfires (D:8)
2 creatures vanquished.

Grand Total: 183 creatures vanquished

Notes
Turn   | Place    | Note
-------+----------+-------------------------------------------
     0 | D:1      | Revguard the Gargoyle Fighter began the quest for the Orb.
     0 | D:1      | Reached XP level 1. HP: 14/14 MP: 1/1
   199 | D:1      | Reached XP level 2. HP: 16/19 MP: 2/2
   513 | D:1      | Found Nehoed's Armour Shoppe.
   738 | D:2      | Found Ijoidyal's Weapon Boutique.
   797 | D:2      | Reached XP level 3. HP: 23/23 MP: 3/3
   962 | D:2      | Identified the +2 flail of Epipt {drain, Will+}
  1021 | D:2      | Reached skill level 1 in Invocations
  1473 | D:3      | Identified the +4 whip of Honour {spect, rCorr Int+4
                  | Stlth-}
  1524 | D:3      | Reached skill level 4 in Shields
  1524 | D:3      | Reached XP level 4. HP: 27/29 MP: 4/4
  1938 | D:3      | Noticed Natasha
  1953 | D:3      | Killed Natasha
  1954 | D:3      | Reached skill level 1 in Evocations
  1954 | D:3      | Reached XP level 5. HP: 15/33 MP: 6/6
  2026 | D:3      | Found a burning altar of Makhleb.
  2044 | D:3      | Reached skill level 1 in Dodging
  2198 | D:4      | Reached XP level 6. HP: 5/38 MP: 7/7
  2419 | D:4      | Noticed an ice beast
  2430 | D:4      | Killed an ice beast
  2577 | D:4      | Noticed Grinder
  2584 | D:4      | Paralysed by Grinder for 4 turns
  2599 | D:4      | Paralysed by Grinder for 3 turns
  2607 | D:4      | Killed Grinder
  2608 | D:4      | Reached skill level 5 in Shields
  2608 | D:4      | Reached XP level 7. HP: 32/44 MP: 8/8
  2855 | D:4      | Found Cietutz's One-of-a-Kind Rings.
  3142 | D:4      | Identified a scroll of acquirement
  3143 | D:4      | Acquired the +4 consecrated labrys {holy, Valiant ^Fragile
                  | Fly SInv}
  3143 | D:4      | Found the +4 consecrated labrys {holy, Valiant ^Fragile Fly
                  | SInv}
  3177 | D:5      | Entered Level 5 of the Dungeon
  3243 | D:5      | Noticed Ijyb
  3246 | D:5      | You are sucked into a shaft and drop 1 floor!
  3336 | D:6      | Noticed Prince Ribbit
  3340 | D:6      | Killed Prince Ribbit
  3341 | D:6      | Reached XP level 8. HP: 37/48 MP: 8/10
  3415 | D:6      | Reached skill level 6 in Shields
  3794 | D:6      | Reached skill level 5 in Fighting
  3804 | D:6      | HP: 2/49 [ufetubus (3)]
  3955 | D:6      | Reached skill level 5 in Armour
  4249 | D:5      | Reached skill level 5 in Axes
  4249 | D:5      | Reached XP level 9. HP: 51/54 MP: 11/11
  4384 | D:5      | Killed Ijyb
  4430 | D:5      | Found a staircase to the Ecumenical Temple.
  4471 | Temple   | Entered the Ecumenical Temple
  4505 | Temple   | Became a worshipper of Zin the Law-Giver
  4505 | Temple   | Reached * piety under Zin
  4714 | D:5      | Found a glowing golden altar of the Shining One.
  4716 | D:5      | Noticed an angel
  4721 | D:5      | Fell from the grace of Zin
  4721 | D:5      | Became a worshipper of the Shining One
  4734 | D:5      | Found a basalt altar of Yredelemnul.
  4852 | D:7      | Reached skill level 7 in Shields
  5116 | D:7      | Found a broken altar of Ashenzari.
  5296 | D:7      | Found an opulent altar of Gozag.
  5384 | D:7      | Found Tuofouko's Distillery.
  5721 | D:8      | Reached * piety under the Shining One
  5728 | D:8      | Reached skill level 8 in Shields
  5728 | D:8      | Reached XP level 10. HP: 60/60 MP: 13/13
  5874 | D:8      | Found a staircase to the Lair.
  5877 | D:8      | Found a transporter.
  5882 | D:8      | Noticed YordlordTheGreat's ghost (novice DEFE)
  5883 | D:8      | Identified the +3 giant club of Valuable Assets {speed,
                  | rCorr Int+3}
  5894 | D:8      | Found an ornate altar of the Wu Jian Council.
  5997 | D:8      | Reached skill level 5 in Invocations
  6108 | D:8      | Found a transporter.
  6228 | D:8      | Reached skill level 9 in Shields
  6472 | D:8      | Killed YordlordTheGreat's ghost
  6544 | D:9      | Found an ancient bone altar of Kikubaaqudgha.
  6557 | D:9      | Found a staircase to the Orcish Mines.
  6557 | D:9      | Reached ** piety under the Shining One
  6567 | D:9      | Reached skill level 10 in Shields
  6750 | D:9      | Found Nusizu's Antique Weapon Boutique.
  6755 | D:9      | Reached XP level 11. HP: 67/67 MP: 15/15
  6812 | D:9      | Noticed Amaemon
  6821 | D:9      | Killed Amaemon
  7094 | D:7      | Bought a potion of resistance for 110 gold pieces
  7094 | D:7      | Bought a potion of haste for 110 gold pieces
  7094 | D:7      | Bought a potion of heal wounds for 55 gold pieces
  7094 | D:7      | Bought a potion of degeneration for 11 gold pieces
  7135 | D:10     | Entered Level 10 of the Dungeon
  7238 | D:10     | Noticed a five-headed hydra
  7249 | D:10     | Killed a six-headed hydra
  7250 | D:10     | Reached skill level 11 in Shields
  7250 | D:10     | Reached skill level 5 in Evocations
  7255 | D:10     | Noticed a deep elf pyromancer
  7261 | D:10     | Slain by a fire elemental

Illustrated notes

Levels and vault maps discovered:
D:1:      spicycebolla_arrival_xxxplode, layout_loops_ring, serial_forest,
          infiniplex_forest_clump_small, infiniplex_forest_join,
          infiniplex_forest_diagonal, infiniplex_forest_end_3,
          infiniplex_forest_clump_cross, infiniplex_forest_clump_double,
          infiniplex_forest_straight_3, serial_shops, shop
D:2:      layout_loops_cross, serial_shops, nicolae_shop_tiny_real_fake_doors,
          kennysheep_generic_room_3
D:3:      layout_basic, demons_altar, uniq_natasha
D:4:      layout_loops_cross, nicolae_shop_unique_rings, st_stairs_7,
          roderic_lattice_a, uniq_grinder
D:5:      layout_cave_pools, grunt_temple_overflow_holy_war,
          minmay_temple_entry_mini_moons, uniq_ijyb
D:6:      layout_basic, uniq_prince_ribbit1
D:7:      layout_cave_pools, nicolae_overflow_hidden_temple, kennysheep_mini,
          minivault_5, nicolae_take_the_stairs, grunt_decor_junction,
          ldierk_geyser, minivault_10, chequers_serial_rivers_room_a,
          hangedman_decor_growths, grunt_ministairs_15, minmay_gold_behind_fungi
D:8:      layout_cave_pods, mainiacjoe_overflow_24_doors, gammafunk_ghost_smash,
          kennysheep_decorative_pillar
D:9:      layout_basic, nicolae_overflow_crystal_walls,
          minmay_orc_entry_guard_dogs, serial_shops,
          nicolae_shop_competitors_out_of_business, uniq_amaemon
D:10:     layout_cave_pools, nicolae_ru_path_of_blood, minmay_bent
Temple:   nicolae_temple_bog_church

Skill      XL: |  1  2  3  4  5  6  7  8  9 10 11 |
---------------+----------------------------------+-----
Axes           | 2 3 4 5 6 7 |  7.8
Invocations    | 1 2 3 4 5 6 |  6.1
Shields        | 4 5 6 8 10 11 | 11.2
Evocations     | 1 2 3 4 5 |  5.0
Dodging        | 1 2 3 4 |  4.6
Fighting       | 4 5 6 7 |  7.4
Armour         | 4 5 6 7 |  7.0

Action                     |  1- 3 |  4- 6 |  7- 9 | 10-12 || total
---------------------------+-------+-------+-------+-------++-------
  Melee: War axe           |   102 |    92 |    15 |       ||   209
         Labrys            |       |       |   163 |    90 ||   253
  Evoke: Wand              |       |       |       |     5 ||     5
         Sack of spiders   |       |       |       |     1 ||     1
    Use: Potion            |       |     3 |     1 |     1 ||     5
         Scroll            |       |       |     7 |       ||     7
 Armour: Scale mail        |    94 |    91 |   217 |   114 ||   516
         Skin              |       |    24 |       |       ||    24
  Dodge: Dodged            |    42 |    45 |   132 |    68 ||   287
  Block: Buckler           |    18 |    23 |    61 |    32 ||   134

Table legend: (Time is in decaauts)
 A = Elapsed time spent in this place.
 B = Non-inter-level travel time spent in this place.
 C = Inter-level travel time spent in this place.
 D = Time resting spent in this place.
 E = Time spent auto-exploring this place.
 F = Levels seen in this place.
 G = Mean time per level.
                   A        B        C        D        E       F      G
               +--------+--------+--------+--------+--------+-----+--------+
         Total |   7440 |   6936 |    504 |    100 |   5385 |  11 |  676.4 |
       Dungeon |   7387 |   6901 |    486 |    100 |   5385 |  10 |  738.7 |
        Temple |     52 |     34 |     18 |      0 |      0 |   1 |   52.0 |
               +--------+--------+--------+--------+--------+-----+--------+

Top non-repeatable levels by time:
     D:4: 1078 daAuts
     D:6: 1041 daAuts
     D:7: 937 daAuts
     D:8: 876 daAuts
     D:3: 783 daAuts
     D:2: 714 daAuts
     D:1: 689 daAuts
     D:5: 578 daAuts
     D:9: 558 daAuts
    D:10: 129 daAuts
  Temple: 52 daAuts
